 Dungeon Crawl Stone Soup version 0.30-a0-748-ge6a52f7cba (webtiles) character file.

Game seed: 10844500379739185855

13195 Flugkiller the Carver (level 12, -1/65 HPs)
             Began as a Tengu Gladiator on Feb 8, 2023.
             Was a High Priest of Hepliaklqana.
             Slain by a tentacled monstrosity (10 damage)
             ... on level 3 of the Abyss.
             The game lasted 00:19:17 (10413 turns).

Flugkiller the Carver (Tengu Gladiator)            Turns: 10413, Time: 00:19:17

Health: -1/65      AC:  6    Str: 20      XL:     12   Next: 3%
Magic:  17/17      EV: 25    Int:  2 (4)  God:    Hepliaklqana [*****.]
Gold:   463        SH:  0    Dex: 30 (32) Spells: 11/11 levels left

rFire   . . .      SeeInvis .    b - +3 scimitar (freeze)
rCold   . . .      Faith    +    (no shield)
rNeg    + . .      Spirit   .    v - +2 leather armour "Tanwow" {rElec Str+5 Dex+2}
rPois   +          Reflect  .    c - +0 hat
rElec   +          Harm     .    s - +0 cloak
rCorr   .          Rampage  .    (no gloves)
Will    .....      Clarity  +    (boots unavailable)
Stlth   ++                       G - amulet of faith
HPRegen 0.30/turn                F - ring "Eckostry" {rPois rN+ Int-3 Dex+6}
MPRegen 0.15/turn                (no ring)

@: about to teleport, on berserk cooldown, flying quickly and evasively, slowed,
constricted, very slow
A: reduced essence, beak, talons 3, nimble flight, agile 1, clarity
a: Renounce Religion, Recall Ancestor, Ancestor Identity, Transference, Idealise


You were on level 3 of the Abyss.
You worshipped Hepliaklqana.
Hepliaklqana was extremely pleased with you.
You visited 1 branch of the dungeon, and saw 9 of its levels.
You visited the Abyss 1 time.
You also visited: Ossuary and Bailey.

You collected 594 gold pieces.
You spent 131 gold pieces at shops.

Inventory:

Hand Weapons
 a - a +1 scimitar of flaming
   (You took it off Erica on level 8 of the Dungeon)
 b - a +3 scimitar of freezing (weapon)
   (You took it off a wight on level 7 of the Dungeon)
 Q - a +6 antimagic rapier
   (You took it off an orc on level 8 of the Dungeon)
Missiles
 e - a javelin
 C - 4 throwing nets (quivered)
 H - 5 curare-tipped darts
Armour
 c - a +0 hat (worn)
 s - a +0 cloak (worn)
   (You found it on level 3 of the Dungeon)
 v - the +2 leather armour "Tanwow" (worn) {rElec Str+5 Dex+2}
   (You found it on level 4 of the Dungeon)

   Str:       It affects your strength (+5).
   Dex:       It affects your dexterity (+2).
   rElec:     It insulates you from electricity.
 D - the +1 ring mail "Tuly" {Int-3 Dex+6}
   (You found it on level 5 of the Dungeon)

   Int:       It affects your intelligence (-3).
   Dex:       It affects your dexterity (+6).
Jewellery
 F - the ring "Eckostry" (left hand) {rPois rN+ Int-3 Dex+6}
   (You acquired it on level 6 of the Dungeon)

   [ring of dexterity]

   Int:       It affects your intelligence (-3).
   Dex:       It affects your dexterity (+6).
   rPois:     It protects you from poison.
   rN:        It protects you from negative energy.
 G - an amulet of faith (around neck)
   (You found it on level 6 of the Dungeon)
 K - the ring "Keynkees" {Fire rN+ Int+3}
   (You found it on level 7 of the Dungeon)

   [ring of fire]

   It enhances your fire magic.
   Int:       It affects your intelligence (+3).
   rF:        It protects you from fire.
   rC:        It makes you vulnerable to cold.
   rN:        It protects you from negative energy.
Wands
 j - a wand of polymorph (9)
   (You took it off Natasha on level 3 of the Dungeon)
 u - a wand of light (2)
   (You found it on level 4 of the Dungeon)
 A - a wand of flame (11)
   (You found it on level 5 of the Dungeon)
Scrolls
 i - a scroll of fear
 k - 2 scrolls of silence
 p - 2 scrolls of amnesia
 t - a scroll of teleportation
 x - 2 scrolls of fog
 y - 2 scrolls of torment
 B - a scroll of magic mapping
 E - 2 scrolls of enchant weapon
 L - a scroll of acquirement
 N - a scroll of poison
 P - a scroll of vulnerability
 R - a scroll of immolation {unknown}
Potions
 d - 2 potions of might
 f - a potion of attraction
 g - a potion of cancellation
 h - 2 potions of haste
 l - a potion of flight
 m - 3 potions of brilliance
 n - 5 potions of resistance
 o - 2 potions of mutation
 q - a potion of curing
 I - a potion of degeneration
 O - a potion of lignification
Miscellaneous
 M - a piece from Xom's chessboard (14/15)
   (You found it in a bailey)


   Skills:
 - Level 8.0 Fighting
 + Level 13.2 Long Blades
 - Level 2.0 Throwing
 - Level 11.0 Dodging
 + Level 6.2 Invocations
 - Level 5.0 Evocations


You had 11 spell levels left.
You didn't know any spells.
Your spell library contained the following spells:

 Spells                   Type           Power      Damage    Failure   Level
 Summon Small Mammal      Summ           0%         N/A       61%         1
 Call Canine Familiar     Summ           0%         N/A       93%         3
 Gell's Gravitas          Tloc           0%         N/A       93%         3
 Summon Guardian Golem    Hex/Summ       0%         N/A       93%         3
 Teleport Other           Tloc           0%         N/A       93%         3
 Anguish                  Hex/Necr       0%         N/A       100%        4
 Summon Ice Beast         Ice/Summ       0%         N/A       100%        4
 Summon Mana Viper        Hex/Summ       0%         N/A       100%        5
 Dispersal                Tloc           0%         N/A       100%        6
 Enfeeble                 Hex            0%         N/A       100%        7
 Monstrous Menagerie      Summ           0%         N/A       100%        7


Dungeon Overview and Level Annotations

Branches:
Dungeon (9/15) Zot: 26480  Temple (0/1) D:4            Lair (0/5) D:8
Ossuary (visited)          Bailey (visited)
    Orc: D:9-12

Altars:
Ashenzari
Fedhas
Gozag
Hepliaklqana
Okawaru
Ru
Sif Muna
Uskayaw
Wu Jian
Xom
Yredelemnul

Shops:
D:4 *   D:6 (*?=[   D:9 (

Annotations:
D:9 Erolcha


Innate Abilities, Weirdness & Mutations

Your life essence is reduced to manifest your ancestor. (-10% HP)
You have a beak for a mouth.
You have claws for feet.
Your magical nature lets you fly swiftly and evasively.
You are agile. (Dex +4, Str/Int -1)
You possess an exceptional clarity of mind.


Message History

Your piece from Xom's chessboard (14/15) has regained one charge.
Your Invocations skill increases to level 6!
Unknown command.
You start resting.
You feel yourself slow down.
You start resting.
Your transformation is almost over.
You feel less wooden.
Your +0 cloak unmelds from your body.
Your +0 hat unmelds from your body.
The +2 leather armour "Tanwow" {rElec Str+5 Dex+2} unmelds from your body.
You start resting.
You feel a little less mighty now.
Unknown command.
You start resting.
HP restored.
You see here a +1 vampiric demon whip.
Okay, then.
An eidolon comes into view.
The eidolon gives a chilling moan.
The eidolon stares piercingly at you. The bolt of negative energy hits you!!
You partially resist.
You feel drained.
Unknown command.
Blink to where?
Press: ? - help, Dir - move target
As you read the scroll of blinking, it crumbles to dust.
Unknown command.
A large abomination comes into view.
A chaos spawn comes into view.
A sixfirhy and a neqoxec come into view.
The neqoxec shouts!
A starcursed mass comes into view.
A tentacled starspawn comes into view.
A starcursed mass splits.
A chorus of shrieks assaults your mind.
Unknown command.
Blink to where?
Press: ? - help, Dir - move target A small abomination comes into view.
As you read the scroll of blinking, it crumbles to dust.
Unknown command.
The chaos spawn closely misses you.
A wretched star comes into view.
As you read the scroll of teleportation, it crumbles to dust.
You feel strangely unstable.
You feel the power of the Abyss delaying your translocation!
Okay, then.
It was a potion of berserk rage.
A red film seems to cover your vision as you go berserk!
You feel yourself moving faster!
You feel mighty! The sixfirhy completely misses you.
Unknown command.
You slice the sixfirhy!! You freeze the sixfirhy. You claw the sixfirhy.
You peck the sixfirhy!
You kill the sixfirhy!
You feel your strength returning.
Your life force feels restored.
You have reached level 12!
You feel stronger.
Lici remembers more of his old skill.
You feel a strong urge to attack something.
Unknown command.
You are too berserk!
Unknown command.
You feel your anger nearly subside.
You are no longer berserk.
You are exhausted.
You feel yourself slow down.
You completely miss the tentacled monstrosity.
You claw the tentacled monstrosity.
You peck the tentacled monstrosity, but do no damage.
The tentacled monstrosity is lightly wounded.
The tentacled monstrosity tentacle-slaps you.
The tentacled monstrosity misses you.
The tentacled monstrosity barely misses you.
The tentacled monstrosity grabs you.
The tentacled monstrosity constricts you!
Unknown command.
Okay, then.
You feel better.
The starcursed mass shrieks in your mind.
The tentacled monstrosity tentacle-slaps you but does no damage.
The tentacled monstrosity tentacle-slaps you!
The tentacled monstrosity tentacle-slaps you but does no damage.
The tentacled monstrosity constricts you.
* * * LOW HITPOINT WARNING * * *
The tentacled monstrosity misses you.
The tentacled monstrosity closely misses you. x2
The tentacled monstrosity constricts you!
* * * LOW HITPOINT WARNING * * *
You feel better.
A starcursed mass splits.
The tentacled monstrosity completely misses you.
The tentacled monstrosity tentacle-slaps you.
* * * LOW HITPOINT WARNING * * *
The tentacled monstrosity tentacle-slaps you.
* * * LOW HITPOINT WARNING * * *
The tentacled monstrosity constricts you.
* * * LOW HITPOINT WARNING * * *
You feel better.
A starcursed mass splits.
A chorus of shrieks assaults your mind.
* * * LOW HITPOINT WARNING * * *
The tentacled monstrosity tentacle-slaps you!
You die...

### # #@#
.#'########X#
.. .x... .x##
.........X#.X#
. .. . ..X#
#.#..
........####
#.####
...........
..##... .
..#.##4..#.
.#.## # ... ##
#..# ..# ..#
#..


You could see 2 starcursed masses, a tentacled monstrosity and a small
abomination.

Vanquished Creatures
  A balrug (Abyss:3)
  An orc warlord (Bailey)
  Erica (D:8)
  2 two-headed ogres (D:8)
  Amaemon (D:8)
  A sixfirhy (Abyss:3)
  An orc knight (Bailey)
  A manticore (D:8)
  A large abomination (Abyss:3)
  An orange demon (D:8)
  Psyche (D:9)
  A hellion (Abyss:3)
  A kobold demonologist (D:9)
  A polar bear (shapeshifter) (D:8)
  A troll (D:9)
  2 wyverns (D:9)
  3 yaks (D:8)
  3 steam dragons
  A water moccasin (D:7)
  A sky beast (D:8)
  3 orc warriors (D:9)
  3 black bears
  An ice beast (D:5)
  2 ogres (D:6)
  A phantom (D:4)
  3 centaurs
  4 kobold brigands
  Blork the orc (D:4)
  4 bullfrogs
  A gnoll sergeant (D:9)
  2 scorpions
  An elf skeleton (D:4)
  A necrophage (D:7)
  3 water moccasin zombies (Ossuary)
  7 wights
  3 killer bees
  3 howler monkeys
  2 hounds
  3 orc priests
  A gnoll bouda (D:7)
  2 jellies
  2 iguanas
  3 human skeletons (D:4)
  Natasha (D:3)
  Terence (D:3)
  4 orc wizards
  A hound zombie (D:3)
  3 mummies
  15 gnolls
  4 adders
  6 adder zombies (Ossuary)
  A worm (D:2)
  A dart slug (D:3)
  27 orcs
  4 endoplasms
  2 giant cockroaches
  9 goblins
  6 hobgoblins
  4 jackals
  15 kobolds
  4 quokkas
  5 ball pythons
  A ball python zombie (D:3)
  3 bats (D:1)
  2 frilled lizards
  6 hobgoblin zombies (Ossuary)
  12 kobold zombies
  5 orc zombies
  5 rats
229 creatures vanquished.

Vanquished Creatures (collateral kills)
  A komodo dragon (D:8)
  A black bear (D:5)
  An orc warrior (Bailey)
  An ice beast (D:5)
  A gnoll sergeant (D:8)
  A scorpion (D:6)
  A killer bee (D:7)
  A gnoll bouda (D:5)
  An orc priest (D:6)
  Jessica (D:3)
  Natasha (twice) (D:3)
  A human skeleton (D:4)
  4 orc wizards
  An adder (D:5)
  9 gnolls
  A white imp (D:7)
  2 worms (D:2)
  9 orcs
  2 bats
  2 endoplasms
  A goblin (D:4)
  A hobgoblin (D:4)
  3 jackals (D:2)
  6 kobolds
  A quokka (D:2)
55 creatures vanquished.

Vanquished Creatures (others)
  6 knights
6 creatures vanquished.

Grand Total: 290 creatures vanquished

Notes
Turn   | Place    | Note
-------+----------+-------------------------------------------
     0 | D:1      | Flugkiller the Tengu Gladiator began the quest for the Orb.
     0 | D:1      | Reached XP level 1. HP: 12/12 MP: 2/2
   113 | D:1      | Reached XP level 2. HP: 17/17 MP: 3/3
   127 | D:1      | Reached skill level 4 in Long Blades
   218 | D:1      | Found a faded altar of an unknown god.
   606 | D:1      | Prayed at the altar of an unknown god.
   606 | D:1      | Became a worshipper of Hepliaklqana the Forgotten
   606 | D:1      | Reached * piety under Hepliaklqana
   645 | D:2      | Reached XP level 3. HP: 16/19 MP: 4/4
  1084 | D:2      | Reached XP level 4. HP: 25/25 MP: 5/5
  1204 | D:3      | Reached skill level 5 in Long Blades
  1204 | D:3      | Found a basalt altar of Yredelemnul.
  1309 | D:3      | Noticed Terence
  1318 | D:3      | Killed Terence
  1319 | D:3      | Gained mutation: Your magical nature lets you fly swiftly
                  | and evasively. [Tengu growth]
  1319 | D:3      | Reached XP level 5. HP: 19/28 MP: 6/6
  1530 | D:3      | Reached ** piety under Hepliaklqana
  1531 | D:3      | Remembered your ancestor Lici as a knight
  1536 | D:3      | Noticed Natasha
  1549 | D:3      | Killed Natasha
  1707 | D:3      | Noticed Jessica
  1722 | D:3      | Killed Jessica
  1723 | D:3      | Reached skill level 5 in Dodging
  1859 | D:3      | Reached XP level 6. HP: 31/33 MP: 7/7
  2224 | D:3      | Gained mutation: You possess an exceptional clarity of
                  | mind. [potion of mutation]
  2224 | D:3      | Gained mutation: You are agile. (Dex +4, Str/Int -1)
                  | [potion of mutation]
  2255 | D:3      | Noticed Natasha
  2270 | D:3      | Killed Natasha
  2427 | D:3      | Noticed Natasha
  2435 | D:3      | Killed Natasha
  2544 | D:4      | Found a staircase to the Ecumenical Temple.
  2551 | D:4      | Identified the +2 leather armour "Tanwow" {rElec Str+5
                  | Dex+2}
  2984 | D:4      | Noticed Blork the orc
  3005 | D:4      | Found a sand-covered staircase.
  3014 | Ossuary  | Entered an ossuary
  3046 | Ossuary  | Reached skill level 6 in Long Blades
  3046 | Ossuary  | Reached XP level 7. HP: 38/38 MP: 8/8
  3184 | D:4      | Killed Blork the orc
  3484 | D:4      | Reached XP level 8. HP: 41/43 MP: 9/9
  3500 | D:4      | Noticed Eustachio
  3537 | D:4      | Eustachio changed into Eustachio the steam dragon
  3537 | D:4      | Noticed Eustachio
  3546 | D:4      | Killed Eustachio the steam dragon
  3547 | D:4      | Reached skill level 5 in Fighting
  3880 | D:4      | Found Sais's General Store.
  3888 | D:4      | Bought a scroll of blinking for 90 gold pieces
  4007 | D:4      | Reached skill level 7 in Long Blades
  4041 | D:5      | Entered Level 5 of the Dungeon
  4112 | D:5      | Reached skill level 1 in Invocations
  4112 | D:5      | Reached skill level 1 in Evocations
  4352 | D:5      | Reached *** piety under Hepliaklqana
  4701 | D:5      | Found a sacrificial altar of Ru.
  5078 | D:5      | Reached XP level 9. HP: 39/49 MP: 9/11
  5119 | D:5      | Identified the +1 ring mail "Tuly" {Int-3 Dex+6}
  5238 | D:5      | Found a shimmering blue altar of Sif Muna.
  5240 | D:5      | Found an iron altar of Okawaru.
  5241 | D:5      | Found a shimmering altar of Xom.
  5242 | D:5      | Found a hide-covered altar of Uskayaw.
  5661 | D:5      | Found a blossoming altar of Fedhas.
  5716 | D:6      | Found Vulikkih's Assorted Antiques.
  5721 | D:6      | Bought a golden potion for 19 gold pieces
  5721 | D:6      | Bought a scroll labelled ALUVVE BY KAQE for 22 gold pieces
  5746 | D:6      | Reached skill level 8 in Long Blades
  5753 | D:6      | Found Comeile's Magic Scroll Shoppe.
  5762 | D:6      | Found Teatyaw's Armour Shoppe.
  5843 | D:6      | Found Sypantel's Antique Weapon Emporium.
  5919 | D:6      | Found Ryzuguho's Jewellery Shop.
  5939 | D:6      | Found a broken altar of Ashenzari.
  6247 | D:6      | Found a basalt altar of Yredelemnul.
  6255 | D:6      | Acquired the ring "Eckostry" {rPois rN+ Int-3 Dex+6}
  6425 | D:7      | Found a flagged portal.
  6436 | D:7      | Reached **** piety under Hepliaklqana
  6440 | D:7      | Identified the ring "Keynkees" {Fire rN+ Int+3}
  6457 | Bailey   | Entered a bailey
  6462 | Bailey   | Noticed an orc warlord
  6510 | Bailey   | Found a runed translucent gate.
  6516 | Bailey   | Found a runed translucent gate.
  6536 | Bailey   | Found a runed translucent gate.
  6543 | Bailey   | Noticed an orc knight
  6547 | Bailey   | Reached skill level 5 in Evocations
  6927 | Bailey   | Killed an orc knight
  7226 | Bailey   | Killed an orc warlord
  7227 | Bailey   | Reached skill level 10 in Dodging
  7227 | Bailey   | Reached XP level 10. HP: 38/54 MP: 12/14
  7904 | D:8      | Reached skill level 9 in Long Blades
  7996 | D:8      | Identified the +1 chain mail of Classification {rN+}
  8051 | D:8      | Found a runed translucent door.
  8244 | D:8      | Noticed an orange demon
  8246 | D:8      | Noticed Amaemon
  8251 | D:8      | Killed an orange demon
  8258 | D:8      | Killed Amaemon
  8259 | D:8      | Reached skill level 10 in Long Blades
  8381 | D:8      | Found a runed translucent door.
  8383 | D:8      | Found a staircase to the Lair.
  8558 | D:8      | Noticed Erica
  8561 | D:8      | Reached ***** piety under Hepliaklqana
  8567 | D:8      | Killed Erica
  8568 | D:8      | Reached skill level 11 in Long Blades
  8568 | D:8      | Reached XP level 11. HP: 46/61 MP: 12/15
  8815 | D:8      | Noticed a manticore
  8822 | D:8      | Killed a manticore
  9095 | D:8      | Reached skill level 12 in Long Blades
  9236 | D:8      | Noticed a two-headed ogre
  9257 | D:8      | Killed a two-headed ogre
  9272 | D:8      | Noticed a two-headed ogre
  9293 | D:8      | Killed a two-headed ogre
  9480 | D:9      | Found an opulent altar of Gozag.
  9505 | D:9      | Found an ornate altar of the Wu Jian Council.
  9598 | D:9      | Reached skill level 5 in Invocations
  9644 | D:9      | Noticed Psyche
  9654 | D:9      | Killed Psyche
  9765 | D:9      | Found Icver's Antique Weapon Shoppe.
  9977 | D:9      | Noticed Erolcha
  9994 | Abyss:2  | Cast into level 2 of the Abyss (Erolcha)
 10038 | Abyss:2  | Noticed a tentacled monstrosity
 10085 | Abyss:2  | Noticed a hellephant
 10090 | Abyss:3  | Found a corrupted altar of Lugonu.
 10090 | Abyss:3  | Found a corrupted altar of Lugonu.
 10128 | Abyss:3  | Noticed a thrashing horror
 10129 | Abyss:3  | Noticed a thrashing horror
 10147 | Abyss:3  | Noticed a spatial maelstrom
 10164 | Abyss:3  | Found a corrupted altar of Lugonu.
 10173 | Abyss:3  | Noticed a large abomination
 10193 | Abyss:3  | Noticed a balrug
 10207 | Abyss:3  | Killed a balrug
 10208 | Abyss:3  | Reached skill level 13 in Long Blades
 10213 | Abyss:3  | Killed a large abomination
 10385 | Abyss:3  | Noticed an eidolon
 10392 | Abyss:3  | Noticed a sixfirhy
 10392 | Abyss:3  | Noticed a starcursed mass
 10393 | Abyss:3  | Noticed a tentacled starspawn
 10397 | Abyss:3  | Noticed a wretched star
 10405 | Abyss:3  | Killed a sixfirhy
 10406 | Abyss:3  | Reached XP level 12. HP: 61/65 MP: 17/17
 10413 | Abyss:3  | Slain by a tentacled monstrosity

Illustrated notes

Levels and vault maps discovered:
D:1:      elethiomel_arrival_shortcut, layout_basic,
          ebering_ecumenical_altar_hall
D:2:      layout_rooms
D:3:      layout_basic, lemuel_zombie_altar_yredelemnul, uniq_terence,
          uniq_jessica, uniq_natasha
D:4:      layout_basic, minmay_temple_entry_crystal_x, serial_shops,
          nicolae_shop_hallway_stairs, nicolae_ossuary_entry_catacombs,
          minmay_mini_ossuary, uniq_blork_the_orc, uniq_eustachio
D:5:      layout_layer_cave, minitemple, fedhas_altar_4,
          nicolae_ru_path_of_blood, reono_crystal_passage
D:6:      layout_basic, serial_shops, shop_coins, nicolae_shop_hallway_stairs,
          nicolae_shop_advertising_works [nicolae_subvault_shop_adworks], shop,
          nicolae_shop_hallway_stairs, hangedman_feature_mirror
D:7:      layout_rooms, lightli_bailey_entry_fortress,
          chequers_serial_rivers_room_b
D:8:      cheibrodos_histonic, layout_cave_pods, lair_entry_dummy, uniq_erica,
          uniq_amaemon
D:9:      layout_small_grid, mainiacjoe_overflow_two_lobes, serial_shops,
          nicolae_shop_waterfront, minmay_fractal_squares_gapless_5,
          uniq_psyche, uniq_erolcha
Abyss:3:  base: D:3, minivault_25

Skill      XL: |  1  2  3  4  5  6  7  8  9 10 11 |
---------------+----------------------------------+-----
Long Blades    | 4 5 6 7 8 11 13 | 13.2
Fighting       | 3 4 6 8 |  8.0
Dodging        | 5 7 10 11 | 11.0
Invocations    | 2 4 6 |  6.2
Evocations     | 2 5 |  5.0
Throwing       | |  2.0

Action                     |  1- 3 |  4- 6 |  7- 9 | 10-12 || total
---------------------------+-------+-------+-------+-------++-------
  Melee: Long sword        |    69 |   101 |   210 |    48 ||   428
         Kick              |    17 |    25 |    87 |    87 ||   216
         Peck              |    14 |    19 |    50 |    43 ||   126
         Punch             |     1 |     1 |     2 |     2 ||     6
         Unarmed           |       |     2 |       |       ||     2
         Scimitar          |       |       |       |   174 ||   174
   Fire: Sling             |     5 |       |       |       ||     5
 Invoke: Ancestor Identity |     1 |       |       |       ||     1
         Ancestor Life: Kn |       |     1 |       |       ||     1
         Recall Ancestor   |       |     3 |     7 |     7 ||    17
         Transference      |       |       |       |     1 ||     1
  Evoke: Wand              |       |       |     8 |     3 ||    11
         Piece from Xom's  |       |       |       |     2 ||     2
    Use: Scroll            |       |     5 |    10 |     9 ||    24
         Potion            |       |     1 |     6 |    15 ||    22
   Stab: Sleeping          |     3 |     2 |     4 |     2 ||    11
         Distracted        |       |       |     1 |     2 ||     3
         Invisible         |       |       |     1 |     1 ||     2
         Petrifying        |       |       |       |     2 ||     2
         Petrified         |       |       |       |     1 ||     1
 Armour: Leather armour    |    13 |    15 |    21 |    12 ||    61
         Ring mail         |       |       |    14 |     7 ||    21
         Skin              |       |       |       |     1 ||     1
  Dodge: Dodged            |    36 |    86 |   211 |   241 ||   574

Table legend: (Time is in decaauts)
 A = Elapsed time spent in this place.
 B = Non-inter-level travel time spent in this place.
 C = Inter-level travel time spent in this place.
 D = Time resting spent in this place.
 E = Time spent auto-exploring this place.
 F = Levels seen in this place.
 G = Mean time per level.
                   A        B        C        D        E       F      G
               +--------+--------+--------+--------+--------+-----+--------+
         Total |   9775 |   9447 |    328 |   2265 |   4772 |  13 |  751.9 |
       Dungeon |   8420 |   8092 |    328 |   1695 |   4572 |   9 |  935.6 |
         Abyss |    378 |    378 |      0 |    192 |      0 |   2 |  189.0 |
       Ossuary |    161 |    161 |      0 |      0 |     56 |   1 |  161.0 |
        Bailey |    814 |    814 |      0 |    378 |    142 |   1 |  814.0 |
               +--------+--------+--------+--------+--------+-----+--------+

Top non-repeatable levels by time:
     D:5: 1461 daAuts
     D:8: 1378 daAuts
     D:4: 1348 daAuts
     D:3: 1283 daAuts
  Bailey: 814 daAuts
     D:1: 646 daAuts
     D:7: 643 daAuts
     D:6: 616 daAuts
     D:2: 524 daAuts
     D:9: 518 daAuts
 Abyss:3: 292 daAuts
 Ossuary: 161 daAuts
 Abyss:2: 86 daAuts
